AoeStats
← Teblu

Fortress

510225599Analyzed
3v3 RM · 23h ago on Sep 30, 2026· 36m 39s· 6 players
Game mode
Random Map
Map size
Large (8 player)
Population
200
Speed
Normal
Resources
Standard
Victory
Conquest
Starting age
Dark Age
Ending age
Imperial Age
RankedLock teamsTeams togetherTeam positionsShared explorationLock speedFull tech treeHidden civsTurbo modeCheats
Victory
Defeat
🇦🇺 Teutons · Australia
862
+14
🇺🇸 Khmer · United States
858
+15
🇺🇸 Franks · United States
852
+15
🇨🇦 Bohemians · Canada
843
-15
🇨🇦 Burgundians · Canada
833
-15
🇨🇦 Tatars · Canada
812
-14
coralhansonmlbb
9:48 Feudal Age
11:21 Loom
13:51 Castle Age
13:26 Horse Collar
18:57 Chemistry
21:36 Imperial Age
19:07 Pikeman
22:30 Houfnice
26:37 Halberdier
30:04 Wheelbarrow
35:27 Hand Cart
MehPickles
8:01 Feudal Age
12:26 Castle Age
10:35 Double-Bit Axe
10:33 Horse Collar
11:27 Bow Saw
11:44 Heavy Plow
13:36 Scale Barding Armor
13:43 Forging
14:55 Husbandry
14:54 Cavalier
18:04 Iron Casting
20:10 Chain Barding Armor
23:12 Gold Mining
23:13 Stone Mining
27:35 Burgundian Vineyards
31:59 Imperial Age
34:39 Conscription
33:47 Paladin
dangar_mdh
7:11 Feudal Age
11:47 Castle Age
9:55 Horse Collar
10:08 Double-Bit Axe
13:43 Scale Barding Armor
13:50 Forging
15:08 Husbandry
19:15 Bloodlines
24:36 Chain Barding Armor
24:52 Iron Casting
23:42 Light Cavalry
28:32 Bow Saw
28:28 Heavy Plow
32:16 Imperial Age
29:32 Loom
32:06 Silk Armor
32:33 Elite Steppe Lancer
34:22 Plate Barding Armor
34:48 Blast Furnace
34:53 Hussar
MR WOODY
8:27 Feudal Age
9:01 Double-Bit Axe
11:38 Gold Mining
11:49 Stone Mining
14:07 Castle Age
15:34 Gold Shaft Mining
15:21 Bow Saw
19:00 Gambesons
19:16 Squires
18:40 Man-at-Arms
20:32 Husbandry
26:39 Imperial Age
24:45 Pikeman
25:51 Long Swordsman
26:47 Forging
26:37 Scale Mail Armor
26:43 Scale Barding Armor
27:01 Two-Handed Swordsman
27:03 Cavalier
31:14 Wheelbarrow
31:19 Iron Casting
31:07 Chain Barding Armor
36:30 Champion
Teblu
9:48 Feudal Age
14:08 Castle Age
13:37 Double-Bit Axe
13:44 Horse Collar
17:37 Imperial Age
15:08 Loom
15:19 Light Cavalry
16:20 Gold Mining
17:24 Bloodlines
18:33 Forging
18:29 Scale Barding Armor
18:50 Bow Saw
19:32 Heavy Plow
20:43 Iron Casting
22:16 Pikeman
31:08 Conscription
AussieHoon
3:01 Loom
8:44 Feudal Age
11:13 Double-Bit Axe
11:09 Horse Collar
14:06 Castle Age
12:03 Gold Mining
13:00 Forging
14:13 Scale Mail Armor
14:17 Pikeman
16:56 Heavy Plow
17:16 Bow Saw
19:54 Wheelbarrow
20:13 Stone Mining
21:55 Hand Cart
23:40 Ironclad
23:09 Arson
23:26 Squires
24:04 Iron Casting
23:48 Chain Mail Armor
31:44 Imperial Age
32:19 Elite Teutonic Knight
33:50 Crop Rotation
34:39 Two-Man Saw
33:25 Capped Ram
36:30 Blast Furnace
36:01 Plate Mail Armor
34:54 Halberdier
35:37 Gambesons
35:43 Heavy Scorpion
Connection lost

Rejoining the realm…

Still unreachable

The connection could not be restored.

Session expired

The server has moved on; the page needs a fresh start.